NYP
TRI-CITY VALLEYCATS @ CONNECTICUT TIGERS
08/28/2049
 
TOP OF THE 1ST
Tri-City ValleyCats batting - Pitching for Connecticut Tigers : RHP Bror Wuopio
Pitching: RHP Bror Wuopio
Batting: LHB Lou Toth 0-0: Foul Ball, location: 2F
0-1: Ball
1-1: Ball
2-1: SINGLE (Groundball, 25, EV 65.6 MPH) (infield hit)
Batting: RHB Drew Coleman 0-0: Called Strike
0-1: Ball
1-1: Swinging Strike
1-2: Ball
2-2: Strikes out swinging
Batting: LHB Wade Girard 0-0: Ball
1-0: Ball
Lou Toth steals 2nd base
2-0: Foul Ball, location: 2F
2-1: Called Strike
2-2: Foul Ball, location: 2F
2-2: Fly out, F7 (Line Drive, 7, EV 103.1 MPH)
Batting: RHB Josh Broome 0-0: Called Strike
0-1: Ball
1-1: Ball
2-1: Ball
3-1: Called Strike
3-2: Base on Balls
Batting: RHB Roger Pelley 0-0: Ball
1-0: Called Strike
1-1: SINGLE (Groundball, 4MD, EV 104.4 MPH)
Lou Toth to third
Josh Broome to second
Batting: SHB Terciero Ortiz 0-0: Ball
1-0: Ball
2-0: Called Strike
2-1: Ball
3-1: Foul Ball, location: 2F
3-2: Base on Balls
Lou Toth scores
Josh Broome to third
Roger Pelley to second
Batting: RHB Patrick Pinault 0-0: Ball
Wild Pitch!
Josh Broome scores
Roger Pelley to third
Terciero Ortiz to second
1-0: Called Strike
1-1: Ball
2-1: Ball
3-1: Called Strike
3-2: Foul Ball, location: 2F
3-2: Foul Ball, location: 2F
3-2: Strikes out swinging
Top of the 1st over - 2 runs, 2 hits, 0 errors, 2 left on base; Tri-City 2 - Connecticut 0
BOTTOM OF THE 1ST
Connecticut Tigers batting - Pitching for Tri-City ValleyCats : RHP Hector Carrillo
Pitching: RHP Hector Carrillo
Batting: LHB Timotheus Young 0-0: Ball
1-0: Foul Ball, location: 2F
1-1: Swinging Strike
1-2: Ball
2-2: Foul Ball, location: 2F
2-2: Ball
3-2: Fly out, F8 (Flyball, 8RD, EV 88.8 MPH)
Batting: RHB Dustin Bursell 0-0: Ground out U3 (Groundball, 34S, EV 79.4 MPH)
Batting: SHB Sean Foley 0-0: Called Strike
0-1: Ball
1-1: Swinging Strike
1-2: Ground out 6-3 (Groundball, 6S, EV 63.8 MPH)
Bottom of the 1st over - 0 runs, 0 hits, 0 errors, 0 left on base; Tri-City 2 - Connecticut 0
TOP OF THE 2ND
Tri-City ValleyCats batting - Pitching for Connecticut Tigers : RHP Bror Wuopio
Batting: RHB John Moore 0-0: Ball
1-0: Ball
2-0: Ball
3-0: Base on Balls
Batting: RHB Roberto Rios 0-0: Called Strike
0-1: Foul Ball, location: 2F
0-2: Strikes out swinging
Batting: LHB Lou Toth 0-0: Ball
1-0: Called Strike
1-1: Swinging Strike
1-2: Strikes out swinging
Batting: RHB Drew Coleman 0-0: Ground out 1-3 (Groundball, 15S, EV 65.0 MPH)
Top of the 2nd over - 0 runs, 0 hits, 0 errors, 1 left on base; Tri-City 2 - Connecticut 0
BOTTOM OF THE 2ND
Connecticut Tigers batting - Pitching for Tri-City ValleyCats : RHP Hector Carrillo
Batting: RHB Juan Acero 0-0: Called Strike
0-1: Foul Ball, location: 2F
0-2: Strikes out swinging
Batting: SHB Isaiah Bias 0-0: Swinging Strike
0-1: Ball
1-1: Ball
2-1: Ball
3-1: Ground out 4-3 (Groundball, 4, EV 83.1 MPH)
Batting: RHB Mike Sebastian 0-0: Called Strike
0-1: Ball
1-1: Ball
2-1: Foul Ball, location: 2F
2-2: Ground out 6-3 (Groundball, 6S, EV 87.5 MPH)
Bottom of the 2nd over - 0 runs, 0 hits, 0 errors, 0 left on base; Tri-City 2 - Connecticut 0
TOP OF THE 3RD
Tri-City ValleyCats batting - Pitching for Connecticut Tigers : RHP Bror Wuopio
Batting: LHB Wade Girard 0-0: Ball
1-0: Ground out 4-3 (Groundball, 4, EV 91.2 MPH)
Batting: RHB Josh Broome 0-0: Ball
1-0: Foul Ball, location: 2F
1-1: Ball
2-1: Ball
3-1: Base on Balls
Batting: RHB Roger Pelley 0-0: Called Strike
0-1: Ball
1-1: Ball
2-1: SINGLE (Groundball, 56D, EV 100.0 MPH)
Josh Broome to second
Batting: SHB Terciero Ortiz 0-0: Ball
1-0: Fly out, F4 (Popup, 34S, EV 81.2 MPH)
Batting: RHB Patrick Pinault 0-0: Ball
1-0: Ball
2-0: Called Strike
2-1: Ball
3-1: Called Strike
3-2: Foul Ball, location: 2F
3-2: Ground out 5-3 (Groundball, 56, EV 103.8 MPH)
Top of the 3rd over - 0 runs, 1 hit, 0 errors, 2 left on base; Tri-City 2 - Connecticut 0
BOTTOM OF THE 3RD
Connecticut Tigers batting - Pitching for Tri-City ValleyCats : RHP Hector Carrillo
Batting: RHB George Sonier 0-0: Foul Ball, location: 2F
0-1: Foul Ball, location: 2F
0-2: Ground out 6-3 (Groundball, 6, EV 93.1 MPH)
Batting: LHB Zach Rose 0-0: Called Strike
0-1: Ball
1-1: Ball
2-1: Swinging Strike
2-2: Ground out 4-3 (Groundball, 4, EV 88.8 MPH)
Batting: RHB Seth Fox 0-0: Called Strike
0-1: Fly out, F8 (Flyball, 8LD, EV 75.6 MPH)
Bottom of the 3rd over - 0 runs, 0 hits, 0 errors, 0 left on base; Tri-City 2 - Connecticut 0
TOP OF THE 4TH
Tri-City ValleyCats batting - Pitching for Connecticut Tigers : RHP Bror Wuopio
Batting: RHB John Moore 0-0: Bunt missed!
0-1: Swinging Strike
0-2: Foul Ball, location: 2F
0-2: Strikes out swinging
Batting: RHB Roberto Rios 0-0: Ball
1-0: Ball
2-0: Foul Ball, location: 2F
2-1: Ball
3-1: Called Strike
3-2: Base on Balls
Pitching: LHP Satoru Mori
Batting: LHB Lou Toth 0-0: Called Strike
0-1: Ball
1-1: Foul Ball, location: 2F
1-2: Fly out, F9 (Line Drive, 89M, EV 105.6 MPH)
Batting: RHB Drew Coleman 0-0: Ball
1-0: Ball
2-0: Foul Ball, location: 2F
2-1: Ball
3-1: Called Strike
3-2: Foul Ball, location: 2F
3-2: Foul Ball, location: 2F
3-2: Foul Ball, location: 2F
3-2: Fly out, F9 (Flyball, 9S, EV 90.0 MPH)
Top of the 4th over - 0 runs, 0 hits, 0 errors, 1 left on base; Tri-City 2 - Connecticut 0
BOTTOM OF THE 4TH
Connecticut Tigers batting - Pitching for Tri-City ValleyCats : RHP Hector Carrillo
Batting: LHB Timotheus Young 0-0: Foul Ball, location: 2F
0-1: Ball
1-1: Called Strike
1-2: Strikes out swinging
Batting: RHB Dustin Bursell 0-0: Ball
1-0: Ball
2-0: Foul Ball, location: 2F
2-1: Foul Ball, location: 2F
2-2: Foul Ball, location: 2F
2-2: DOUBLE (Line Drive, 3D, EV 99.4 MPH)
Batting: SHB Sean Foley 0-0: Ball
Wild Pitch!
Dustin Bursell to third
1-0: Called Strike
1-1: SINGLE (Line Drive, 7S, EV 90.6 MPH)
Dustin Bursell scores
Batting: RHB Juan Acero 0-0: Ball
1-0: Called Strike
Sean Foley steals 2nd base
1-1: Ball
2-1: Fly out, F7 (Flyball, 7, EV 90.6 MPH)
Batting: SHB Isaiah Bias 0-0: Ball
1-0: Ball
2-0: Ball
3-0: Called Strike
3-1: Base on Balls
Batting: RHB Mike Sebastian 0-0: Called Strike
0-1: Ball
1-1: Fielders Choice at 2nd, 6-4 (Groundball, 6, EV 104.4 MPH)
Bottom of the 4th over - 1 run, 2 hits, 0 errors, 2 left on base; Tri-City 2 - Connecticut 1
TOP OF THE 5TH
Tri-City ValleyCats batting - Pitching for Connecticut Tigers : LHP Satoru Mori
Batting: LHB Wade Girard 0-0: SINGLE (Groundball, 4M, EV 108.8 MPH)
Batting: RHB Josh Broome 0-0: Ball
Wild Pitch!
Wade Girard to second
1-0: Called Strike
1-1: Called Strike
1-2: Foul Ball, location: 2F
1-2: Fly out, F7 (Flyball, 7LM, EV 85.6 MPH)
Batting: RHB Roger Pelley 0-0: Called Strike
0-1: Foul Ball, location: 2F
0-2: Ball
1-2: Ball
2-2: Ball
3-2: Base on Balls
Batting: SHB Terciero Ortiz 0-0: Ball
1-0: Foul Ball, location: 2F
1-1: Ball
2-1: Foul Ball, location: 2F
2-2: Strikes out swinging
Batting: RHB Patrick Pinault 0-0: Foul Ball, location: 2F
0-1: Called Strike
0-2: Ball
1-2: Strikes out swinging
Top of the 5th over - 0 runs, 1 hit, 0 errors, 2 left on base; Tri-City 2 - Connecticut 1
BOTTOM OF THE 5TH
Connecticut Tigers batting - Pitching for Tri-City ValleyCats : RHP Hector Carrillo
Batting: RHB George Sonier 0-0: Foul Ball, location: 2F
0-1: Ball
1-1: Foul Ball, location: 2F
1-2: Strikes out looking
Batting: LHB Zach Rose 0-0: Swinging Strike
0-1: Called Strike
0-2: Ground out 6-3 (Groundball, 6, EV 88.1 MPH)
Batting: RHB Seth Fox 0-0: Ground out 4-3 (Groundball, 4M, EV 101.9 MPH)
Bottom of the 5th over - 0 runs, 0 hits, 0 errors, 0 left on base; Tri-City 2 - Connecticut 1
TOP OF THE 6TH
Tri-City ValleyCats batting - Pitching for Connecticut Tigers : LHP Satoru Mori
Batting: RHB John Moore 0-0: Foul Ball, location: 2F
0-1: Called Strike
0-2: Foul Ball, location: 2F
0-2: Strikes out looking
Batting: RHB Roberto Rios 0-0: Ball
1-0: Called Strike
1-1: Ball
2-1: Foul Ball, location: 2F
2-2: Foul Ball, location: 2F
2-2: Foul Ball, location: 2F
2-2: Ball
3-2: Base on Balls
Pitching: LHP Jayden Carey
Batting: LHB Lou Toth 0-0: Ball
1-0: Called Strike
1-1: Called Strike
1-2: Fielders Choice at 2nd, 6-4 (Groundball, 6, EV 86.2 MPH)
Batting: RHB Drew Coleman 0-0: Ball
Wild Pitch!
Lou Toth to second
1-0: Called Strike
1-1: Ball
2-1: Swinging Strike
2-2: Strikes out looking
Top of the 6th over - 0 runs, 0 hits, 0 errors, 1 left on base; Tri-City 2 - Connecticut 1
BOTTOM OF THE 6TH
Connecticut Tigers batting - Pitching for Tri-City ValleyCats : RHP Hector Carrillo
Batting: LHB Timotheus Young 0-0: Ball
1-0: Ball
2-0: Foul Ball, location: 2F
2-1: Ball
3-1: Foul Ball, location: 2F
3-2: DOUBLE (Groundball, 3L, EV 110.6 MPH)
Batting: RHB Dustin Bursell 0-0: Called Strike
Timotheus Young steals 3rd base
0-1: Ball
1-1: Fly out, F9 (Line Drive, 9, EV 91.9 MPH)
Batting: SHB Sean Foley 0-0: Ball
1-0: Called Strike
1-1: Ground out 6-3 (Groundball, 6, EV 90.0 MPH)
Batting: RHB Juan Acero 0-0: Ball
1-0: Ball
2-0: Ball
3-0: Called Strike
3-1: Swinging Strike
3-2: Base on Balls
Batting: SHB Isaiah Bias 0-0: Foul Ball, location: 2F
0-1: Foul Ball, location: 2F
0-2: Ground out 6-3 (Groundball, 6MS, EV 70.0 MPH)
Bottom of the 6th over - 0 runs, 1 hit, 0 errors, 2 left on base; Tri-City 2 - Connecticut 1
TOP OF THE 7TH
Tri-City ValleyCats batting - Pitching for Connecticut Tigers : LHP Jayden Carey
Batting: LHB Wade Girard 0-0: Called Strike
0-1: Ball
1-1: Foul Ball, location: 2F
1-2: Ball
2-2: Foul Ball, location: 2F
2-2: Strikes out swinging
Batting: RHB Josh Broome 0-0: Called Strike
0-1: Fly out, F9 (Flyball, 9D, EV 85.6 MPH)
Batting: RHB Roger Pelley 0-0: Fly out, F9 (Flyball, 89S, EV 90.0 MPH)
Top of the 7th over - 0 runs, 0 hits, 0 errors, 0 left on base; Tri-City 2 - Connecticut 1
BOTTOM OF THE 7TH
Connecticut Tigers batting - Pitching for Tri-City ValleyCats : RHP Hector Carrillo
Batting: RHB Mike Sebastian 0-0: Ball
1-0: Ball
2-0: Called Strike
2-1: Called Strike
2-2: Ground out 6-3 (Groundball, 6, EV 100.6 MPH)
Pitching: RHP Francisco Tejada
Batting: RHB George Sonier 0-0: Ball
1-0: Called Strike
1-1: Called Strike
1-2: Ball
2-2: Hit by Pitch
Batting: LHB Zach Rose 0-0: Ball
1-0: Swinging Strike
1-1: Called Strike
1-2: Strikes out looking
Pinch Hitting: SHB Ronnie Lundy 0-0: Called Strike
George Sonier steals 2nd base
0-1: SINGLE (Groundball, 4MD, EV 111.2 MPH)
George Sonier to third
Runner from 3rd tries for Home, SAFE, throw by CF to home
Batting: LHB Timotheus Young 0-0: Ball
1-0: Ball
2-0: Fly out, F7 (Flyball, 7S, EV 80.6 MPH)
Bottom of the 7th over - 1 run, 1 hit, 0 errors, 1 left on base; Tri-City 2 - Connecticut 2
TOP OF THE 8TH
Tri-City ValleyCats batting - Pitching for Connecticut Tigers : LHP Jayden Carey
Now in LF: Isao Fukui
Batting: SHB Terciero Ortiz 0-0: Called Strike
0-1: Swinging Strike
0-2: Ball
1-2: Foul Ball, location: 2F
1-2: Foul Ball, location: 2F
1-2: Ball
2-2: Ball
3-2: Strikes out swinging, 2-3 out at first.
Batting: RHB Patrick Pinault 0-0: Swinging Strike
0-1: Ball
1-1: Ball
2-1: Called Strike
2-2: Strikes out swinging
Batting: RHB John Moore 0-0: Ball
1-0: Ball
2-0: Ball
3-0: Base on Balls
Batting: RHB Roberto Rios 0-0: Called Strike
0-1: Foul Ball, location: 2F
0-2: Ball
1-2: SINGLE (Line Drive, 4D, EV 94.4 MPH)
John Moore to second
Runner from 2nd tries for 3rd, OUT! 8-5
Top of the 8th over - 0 runs, 1 hit, 0 errors, 1 left on base; Tri-City 2 - Connecticut 2
BOTTOM OF THE 8TH
Connecticut Tigers batting - Pitching for Tri-City ValleyCats : RHP Francisco Tejada
Pinch Hitting: LHB Iestyn Peacock 0-0: Ball
1-0: Ball
2-0: Called Strike
2-1: Called Strike
2-2: Strikes out looking
Batting: SHB Sean Foley 0-0: Called Strike
0-1: Ball
1-1: Called Strike
1-2: Ball
2-2: Foul Ball, location: 2F
2-2: Ground out 6-3 (Groundball, 6, EV 84.4 MPH)
Batting: RHB Juan Acero 0-0: Ball
1-0: Called Strike
1-1: Ball
2-1: Called Strike
2-2: Ball
3-2: Foul Ball, location: 2F
3-2: Base on Balls
Pitching: RHP Max Warburton
Batting: SHB Isaiah Bias 0-0: Called Strike
0-1: SINGLE (Line Drive, 6D, EV 99.4 MPH)
Juan Acero to second
Batting: RHB Mike Sebastian 0-0: Reached on error, E5 (Groundball, 5, EV 75.6 MPH)
Juan Acero to third
Isaiah Bias to second
Batting: RHB George Sonier 0-0: Called Strike
0-1: Foul Ball, location: 2F
0-2: Foul Ball, location: 2F
0-2: Ball
1-2: Ball
2-2: Ball
3-2: Strikes out swinging
Bottom of the 8th over - 0 runs, 1 hit, 1 error, 3 left on base; Tri-City 2 - Connecticut 2
TOP OF THE 9TH
Tri-City ValleyCats batting - Pitching for Connecticut Tigers : LHP Jayden Carey
Pitching: RHP Denzel McPherson
Now in RF: Tony Nunez
Batting: LHB Lou Toth 0-0: Called Strike
0-1: Swinging Strike
0-2: Strikes out swinging
Batting: RHB Drew Coleman 0-0: Fly out, F6 (Popup, 6, EV 60.0 MPH)
Batting: LHB Wade Girard 0-0: Ball
1-0: Ball
2-0: Foul Ball, location: 2F
2-1: Foul Ball, location: 2F
2-2: Ball
3-2: Base on Balls
Batting: RHB Josh Broome 0-0: Fielders Choice at 2nd, 6-4 (Groundball, 6, EV 82.5 MPH)
Top of the 9th over - 0 runs, 0 hits, 0 errors, 1 left on base; Tri-City 2 - Connecticut 2
BOTTOM OF THE 9TH
Connecticut Tigers batting - Pitching for Tri-City ValleyCats : RHP Max Warburton
Batting: LHB Zach Rose 0-0: Ball
1-0: Ground out 3-1 (Groundball, 34S, EV 80.0 MPH)
Batting: LHB Isao Fukui 0-0: Ball
1-0: Hit by Pitch
Batting: LHB Timotheus Young 0-0: Called Strike
0-1: Foul Ball, location: 2F
0-2: Strikes out swinging
Batting: RHB Tony Nunez 0-0: Ball
1-0: Ball
2-0: Foul Ball, location: 2F
2-1: Foul Ball, location: 2F
2-2: Fly out, F8 (Flyball, 8LXD, EV 109.4 MPH)
Bottom of the 9th over - 0 runs, 0 hits, 0 errors, 1 left on base; Tri-City 2 - Connecticut 2
TOP OF THE 10TH
Tri-City ValleyCats batting - Pitching for Connecticut Tigers : RHP Denzel McPherson
Batting: RHB Roger Pelley 0-0: Ball
1-0: Ball
2-0: SINGLE (Groundball, 6MD, EV 107.5 MPH)
Batting: SHB Terciero Ortiz 0-0: Fly out, F8 (Flyball, 8RD, EV 103.1 MPH)
Batting: RHB Patrick Pinault 0-0: Bunt - Flyout to P! F1
Batting: RHB John Moore 0-0: Fly out, F3 (Popup, 3S, EV 80.0 MPH)
Top of the 10th over - 0 runs, 1 hit, 0 errors, 1 left on base; Tri-City 2 - Connecticut 2
BOTTOM OF THE 10TH
Connecticut Tigers batting - Pitching for Tri-City ValleyCats : RHP Max Warburton
Pitching: LHP T.J. Westover
Batting: SHB Sean Foley 0-0: Ball
1-0: Called Strike
1-1: Ball
2-1: Ball
3-1: Called Strike
3-2: Foul Ball, location: 2F
3-2: Base on Balls
Batting: RHB Juan Acero 0-0: Ball
1-0: Ball
2-0: Fielders Choice at 2nd, 5-4 (Groundball, 56S, EV 87.5 MPH)
Batting: SHB Isaiah Bias 0-0: Swinging Strike
0-1: Called Strike
0-2: Ball
1-2: Ball
2-2: Ball
3-2: Base on Balls
Juan Acero to second
Batting: RHB Mike Sebastian 0-0: Foul Ball, location: 2F
0-1: Sac Bunt to 3S - play at third, runner OUT! 3-5
Isaiah Bias to second
Batting: RHB George Sonier 0-0: Called Strike
0-1: Fly out, F9 (Flyball, 89M, EV 91.9 MPH)
Bottom of the 10th over - 0 runs, 0 hits, 0 errors, 2 left on base; Tri-City 2 - Connecticut 2
TOP OF THE 11TH
Tri-City ValleyCats batting - Pitching for Connecticut Tigers : RHP Denzel McPherson
Pinch Hitting: LHB Lu-po-teh Zhou 0-0: Called Strike
0-1: Ball
1-1: Foul Ball, location: 2F
1-2: Strikes out swinging
Batting: LHB Lou Toth 0-0: Ball
1-0: Ball
2-0: Called Strike
2-1: Foul Ball, location: 2F
2-2: Ball
3-2: Strikes out swinging
Batting: RHB Drew Coleman 0-0: Ball
1-0: Foul Ball, location: 2F
1-1: Ball
2-1: Foul Ball, location: 2F
2-2: Strikes out swinging
Top of the 11th over - 0 runs, 0 hits, 0 errors, 0 left on base; Tri-City 2 - Connecticut 2
BOTTOM OF THE 11TH
Connecticut Tigers batting - Pitching for Tri-City ValleyCats : LHP T.J. Westover
Now at C: Lu-po-teh Zhou
Pinch Hitting: SHB Ryohei Nakano 0-0: Ball
1-0: Called Strike
1-1: Hit by Pitch
Pinch Hitting: RHB Juan Perez 0-0: Called Strike
Ryohei Nakano is caught stealing 2nd base 2-4
0-1: Ball
1-1: Swinging Strike
1-2: Ground out 5-3 (Groundball, 56, EV 100.0 MPH)
Batting: LHB Timotheus Young 0-0: Swinging Strike
0-1: Swinging Strike
0-2: Ball
1-2: Ball
2-2: Ball
3-2: Base on Balls
Pitching: RHP Vinny Salazar
Batting: RHB Tony Nunez 0-0: Called Strike
Timotheus Young steals 2nd base
0-1: SINGLE (Line Drive, 89M, EV 96.9 MPH)
Timotheus Young to third
Runner from 3rd tries for Home, SAFE, throw by CF to home
Bottom of the 11th over - 1 run, 1 hit, 0 errors, 1 left on base; Tri-City 2 - Connecticut 3
Sunday, July 16th , 2023 - OOTP Baseball 24.6 Build 69